 Dungeon Crawl Stone Soup version 0.20-a0-1073-g49e0d3e (webtiles) character file.

105 M4edhros the Sneak (level 4, -6/28 HPs)
             Began as an Octopode Artificer on Apr 29, 2017.
             Mangled by a gnoll sergeant
             ... wielding a +0 spear
              (10 damage)
             ... on level 5 of the Dungeon.
             The game lasted 00:02:33 (1212 turns).

M4edhros the Sneak (Octopode Artificer)             Turns: 1212, Time: 00:02:34

Health: -6/28      AC:  1    Str: 11    XL:     4   Next: 83%
Magic:  6/6        EV: 13    Int: 18    God:
Gold:   58         SH:  0    Dex: 13    Spells: 3/3 levels left

rFire    . . .     SeeInvis .   i - +0 whip (venom)
rCold    . . .     Gourm    .   (no shield)
rNeg     . . .     Faith    .   (helmet restricted)
rPois    .         Spirit   .   (no amulet)
rElec    .         Reflect  .   (no ring)
rCorr    .         Harm     .   (no ring)
MR       .....                  (no ring)
Stlth    ++++......             (no ring)
Regen    0.1/turn               (no ring)
MPRegen  0.1/turn               (no ring)
                                (no ring)
                                (no ring)

@: brilliant
A: almost no armour, stealthy swim, amphibious, 8 rings, constrict 8, camouflage
1, gelatinous body 1
a: no special abilities


You were on level 5 of the Dungeon.
You were not hungry.

You visited 1 branch of the dungeon, and saw 5 of its levels.

You collected 58 gold pieces.

Inventory:

Hand Weapons
 a - a +0 short sword
 i - a +0 whip of venom (weapon)
 r - a +2 hand axe of chopping
Magical Staves
 m - an uncursed staff of conjuration
Wands
 b - a wand of flame (15/48)
 c - a wand of enslavement (13/24)
 d - a wand of random effects (13/48)
Scrolls
 e - a scroll of teleportation {unknown}
 g - 3 scrolls of remove curse {unknown}
 k - 3 scrolls of identify {unknown}
 l - 2 scrolls of immolation {unknown}
 o - a scroll of enchant armour {unknown}
 s - a scroll of fog {unknown}
Potions
 h - a potion of might {unknown}
 q - a potion of brilliance
Comestibles
 f - 3 bread rations


   Skills:
 - Level 1.0 Fighting
 - Level 1.0 Short Blades
 - Level 2.0 Dodging
 + Level 6.5 Stealth
 - Level 3.2 Evocations


You had 3 spell levels left.
You didn't know any spells.

Dungeon Overview and Level Annotations

Branches:
Dungeon (5/15)
 Temple: D:4-7

Altars:
Makhleb
Ru
The Shining One


Innate Abilities, Weirdness & Mutations

You cannot wear most types of armour.
You are very stealthy in the water. (Stealth+)
You are amphibious.
You can wear up to eight rings at the same time.
You can use your tentacles to constrict eight enemies at once.
Your skin changes colour to match your surroundings (Stealth+).
Your rubbery body absorbs attacks. (AC +1, EV +1)


Message History

You constrict the gnoll sergeant, but do no damage.
The gnoll sergeant closely misses you.
It was a potion of magic.
Magic courses through your body.
You constrict the gnoll sergeant.
The gnoll sergeant hits you with a spear.
You hit the gnoll sergeant.
The gnoll sergeant is moderately wounded.
You constrict the gnoll sergeant.
The gnoll sergeant hits you with a spear!
Ouch! That really hurt!
* * * LOW HITPOINT WARNING * * *
It was a potion of curing.
You feel better.
You constrict the gnoll sergeant.
The gnoll sergeant hits you with a spear!
* * * LOW HITPOINT WARNING * * *
You hit the gnoll sergeant but do no damage.
The gnoll sergeant looks even sicker.
The gnoll sergeant is heavily wounded.
You constrict the gnoll sergeant.
The gnoll sergeant hits you with a spear!
You die...

#≈≈.. ##### #≈≈...
.....#### #≈≈....
........######≈≈.....
............#≈≈....≈≈
............#≈.%..≈##
..........).#≈..).≈##
....##'###)).....≈##
... #.# #.'@....≈## .
#.# #.#≈g...≈## #.#
#.#≈....≈## #.#
#.#≈≈....≈≈ #<#
#.##≈≈..... ### #..
#≈≈.... #.. #≈≈...
#≈≈..


You could see a gnoll sergeant.

Vanquished Creatures
  2 worker ants (D:4)
  A gnoll (D:5)
  An adder (D:3)
  2 leopard geckos
  2 orcs (D:4)
  2 bats (D:1)
  A giant cockroach (D:2)
  A hobgoblin (D:3)
  2 quokkas
  2 frilled lizards
  5 kobolds
21 creatures vanquished.

Vanquished Creatures (collateral kills)
  3 gnolls (D:5)
3 creatures vanquished.

Grand Total: 24 creatures vanquished

Notes
Turn   | Place    | Note
-------+----------+-------------------------------------------
     0 | D:1      | M4edhros the Octopode Artificer began the quest for the Orb.
     0 | D:1      | Reached XP level 1. HP: 13/13 MP: 3/3
    55 | D:1      | Reached skill level 2 in Stealth
   314 | D:2      | Reached XP level 2. HP: 18/18 MP: 4/4
   358 | D:2      | Reached skill level 3 in Stealth
   544 | D:3      | Found a glowing golden altar of the Shining One.
   678 | D:3      | Reached skill level 4 in Stealth
   679 | D:3      | Reached XP level 3. HP: 17/23 MP: 5/5
   782 | D:4      | Reached skill level 5 in Stealth
   843 | D:4      | Found a sacrificial altar of Ru.
   845 | D:4      | Found a burning altar of Makhleb.
   923 | D:4      | Reached XP level 4. HP: 25/28 MP: 6/6
  1174 | D:5      | Entered Level 5 of the Dungeon
  1185 | D:5      | Noticed a gnoll sergeant
  1191 | D:5      | Reached skill level 6 in Stealth
  1212 | D:5      | Mangled by a gnoll sergeant

Vault maps used:
D:1:      lemuel_arrival_hallway, minivault_25
D:2:      lemuel_round_altar, hex_tiny
D:3:      nicolae_tso_carved_into_rock, overflow_temple_1_default, uniq_grinder
D:4:      minitemple
D:5:      ashenzari_conservatory_becter, minmay_temple_entry_junction,
          first_bread, zaba_anthole, kennysheep_big_empty_room

Skill      XL: |  1  2  3  4 |
---------------+-------------+-----
Stealth        | 2 4 5 6 |  6.5
Fighting       | |  1.0
Short Blades   | |  1.0
Dodging        | |  2.0
Evocations     | |  3.2

Action                   |  1- 3 |  4- 6 || total
-------------------------+-------+-------++-------
Melee: Short sword       |    19 |       ||    19
       Constrict         |    19 |     4 ||    23
       Whip              |    29 |     9 ||    38
       Tentacles         |     9 |     2 ||    11
Evoke: Wand              |     3 |     1 ||     4
  Use: Potion            |       |     3 ||     3
 Stab: Sleeping          |     3 |       ||     3
       Distracted        |     1 |       ||     1
  Eat: Chunk             |       |     1 ||     1
Armor: Skin              |     5 |       ||     5
Dodge: Dodged            |    31 |     8 ||    39
